 Dungeon Crawl Stone Soup version 0.25-a0-737-g26c3a87c45 (webtiles) character file.

Game seed: 18076486880930836811, levelgen mode: deterministic

14 Esekla the Grasshopper (level 2, 0/23 HPs)
             Began as a Barachi Warper on Apr 11, 2020.
             Slain by an ooze (2 damage)
             ... on level 1 of the Dungeon.
             The game lasted 00:01:20 (81 turns).

Esekla the Grasshopper (Barachi Warper)               Turns: 81, Time: 00:01:21

Health: 0/23       AC:  3    Str: 12    XL:     2   Next: 41%
Magic:  5/5        EV: 12    Int: 13    God:
Gold:   0          SH:  0    Dex: 11    Spells: 6/6 levels left

rFire    . . .     SeeInvis .   a - +0 falchion
rCold    . . .     Gourm    .   (no shield)
rNeg     . . .     Faith    .   b - +0 leather armour
rPois    .         Spirit   .   (no helmet)
rElec    .         Reflect  .   (no cloak)
rCorr    .         Harm     .   (no gloves)
MR       .....                  (no boots)
Stlth    +.........             (no amulet)
HPRegen  0.07/turn              (no ring)
MPRegen  0.09/turn              (no ring)

@: slow
A: +LOS, swims, slowness 1, strong legs 1
a: Hop


You were on level 1 of the Dungeon.
You were not hungry.

You visited 1 branch of the dungeon, and saw 1 of its levels.

Inventory:

Hand Weapons
 a - a +0 falchion (weapon)
Missiles
 e - 5 boomerangs of dispersal (quivered)
Armour
 b - a +0 leather armour (worn)
Scrolls
 c - a scroll of teleportation {unknown}
 d - a scroll of blinking
Comestibles
 f - a ration


   Skills:
 * Level 2.6 Fighting
 * Level 3.0 Long Blades
 + Level 1.0 Throwing
 + Level 1.2 Armour
 + Level 2.2 Dodging
 * Level 2.5 Spellcasting
   Level 3.2 Translocations


You had 6 spell levels left.
You didn't know any spells.
Your spell library contained the following spells:

 Spells                   Type           Power        Failure   Level  Hunger
 Blink                    Tloc           N/A          12%         2    ###....
 Shroud of Golubria       Chrm/Tloc      #.....       24%         2    ###....
 Gell's Gravitas          Tloc           ##........   24%         3    ###....
 Lesser Beckoning         Tloc           ##........   24%         3    ###....
 Teleport Other           Tloc           ##......     24%         3    ###....
 Passage of Golubria      Tloc           N/A          61%         4    #####..


Dungeon Overview and Level Annotations

Branches:
Dungeon (1/15)

Altars:


Innate Abilities, Weirdness & Mutations

You can be seen from farther away. (+LOS)
You can swim through water.
You cover ground slowly.
You can hop short distances.


Message History

The jackal is severely wounded.
The jackal bites you but does no damage.
The jackal completely misses you.
You miss the jackal.
The jackal is severely wounded.
The jackal bites you but does no damage.
You hit the jackal.
You kill the jackal!
Your Long Blades skill increases to level 3!
The bat hits you but does no damage.
You miss the bat. The bat hits you but does no damage. x2
You barely miss the bat. The bat closely misses you.
You riposte.
You hit the bat.
You kill the bat!
You hit the giant cockroach.
You kill the giant cockroach!
You hit the ooze.
The ooze is heavily wounded.
The ooze hits you.
You die...

##### #####
#...# #...#
###.###.###
#.....#
###.###†# ###
## #<..# #.#
#.# ... #####
#.###.###..#
#...†.@J...#
#.###.###...#
#)# #.# .#
#.# ### ..#
#.# #.. ###


You could see an ooze.

Vanquished Creatures
  3 giant cockroaches (D:1)
  A goblin (D:1)
  4 jackals (D:1)
  A ball python (D:1)
  A bat (D:1)
  A frilled lizard (D:1)
  A kobold (D:1)
12 creatures vanquished.

Notes
Turn   | Place    | Note
-------+----------+-------------------------------------------
     0 | D:1      | Esekla the Barachi Warper began the quest for the Orb.
     0 | D:1      | Reached XP level 1. HP: 17/17 MP: 3/3
    55 | D:1      | Reached XP level 2. HP: 12/23 MP: 3/5
    72 | D:1      | HP: 1/23 [jackal (3)]
    81 | D:1      | Slain by an ooze

Levels and vault maps discovered:
D:1:      evilmike_arrival_hilbert_curve, layout_rooms

Skill      XL: |  1  2 |
---------------+-------+-----
Long Blades    | 3 |  3.0
Fighting       | |  2.6
Throwing       | |  1.0
Armour         | |  1.2
Dodging        | |  2.2
Spellcasting   | |  2.5
Translocations | |  3.2

Action                   || total
-------------------------++-------
Melee: Falchion          ||    55
Armor: Leather armour    ||    16
Dodge: Dodged            ||    44
       Rpst.: Falchion   ||    13

Table legend:
 A = Non-vault XP
 B = Vault XP
 C = Vault XP percentage of total XP
 D = Non-vault monster count
 E = Vault monster count
 F = Vault count percentage of total count
                 A         B        C        D         E       F
            +---------+---------+-------+---------+---------+-------
      Total |      20 |       0 |   0.0 |      12 |       0 |   0.0
            +---------+---------+-------+---------+---------+-------
        D:1 |      20 |       0 |   0.0 |      12 |       0 |   0.0
            +---------+---------+-------+---------+---------+-------
